 Dungeon Crawl Stone Soup version 0.30-a0-1114-gd936c97349 (webtiles) character file.

Game seed: 8949179475602092575

151 GenialerGandalf the Chopper (level 5, -1/47 HPs)
             Began as a Hill Orc Chaos Knight on Apr 21, 2023.
             Was a Plaything of Xom.
             Succumbed to Crazy Yiuf's poison
             ... on level 2 of the Dungeon.
             The game lasted 00:16:33 (1595 turns).

GenialerGandalf the Chopper (Hill Orc Chaos Knight) Turns: 1595, Time: 00:16:33

Health: -1/47      AC: 11    Str: 14 (16) XL:     5   Next: 33%
Magic:  5/5        EV: 11    Int:  9 (11) God:    Xom [.*....]
Gold:   107        SH:  0    Dex: 12 (14) Spells: 4/4 levels left

rFire   . . .      SeeInvis .    a - +0 hand axe (chaos)
rCold   . . .      Faith    .    (no shield)
rNeg    . . .      Spirit   .    b - +2 leather armour
rPois   .          Reflect  .    o - +1 helmet
rElec   .          Rampage  .    h - +2 cloak
rCorr   .                        g - +0 pair of gloves
Will    .....                    (no boots)
Stlth   +                        (no amulet)
HPRegen 0.27/turn                (no ring)
MPRegen 0.09/turn                (no ring)

@: lethally poisoned (-1 -> -17)
A: agile 1
a: Renounce Religion


You were on level 2 of the Dungeon.
You worshipped Xom.
You were a plaything of Xom.
You visited 1 branch of the dungeon, and saw 2 of its levels.

You collected 107 gold pieces.

Inventory:

Hand Weapons
 a - a +0 hand axe of chaos (weapon)
Armour
 b - a +2 leather armour (worn)
 g - a +0 pair of gloves (worn)
 h - a +2 cloak (worn)
 o - a +1 helmet (worn)
Scrolls
 e - a scroll of identify {unknown}
 f - a scroll of teleportation {unknown}
 i - a scroll of enchant armour {unknown}
 q - a scroll of vulnerability {acquirement, unknown}
Potions
 d - a potion of mutation
 j - 2 potions of degeneration {curing}
 k - a potion of attraction {unknown}
 l - a potion of flight {heal wounds, unknown}
 m - a potion of might {unknown}
 n - a potion of brilliance {unknown}
 p - a potion of curing {unknown}
Miscellaneous
 c - a piece from Xom's chessboard (15/15) (quivered)


   Skills:
 * Level 4.4 Fighting
 * Level 5.9 Axes
 * Level 2.8 Armour
 - Level 1.6 Dodging
 * Level 1.2 Evocations


You had 4 spell levels left.
You didn't know any spells.
Your spell library contained the following spells:

 Spells                   Type           Power      Damage    Failure   Level
 Blink                    Tloc           0%         N/A       58%         2
 Dazzling Flash           Conj/Hex       0%         N/A       83%         3
 Inner Flame              Hex/Fire       0%         N/A       83%         3
 Volatile Blastmotes      Fire/Tloc      0%         2d10      83%         3
 Iskenderun's Mystic Bla  Conj/Tloc      0%         2d3       99%         4
 Manifold Assault         Tloc           0%         N/A       99%         4
 Yara's Violent Unravell  Hex/Tmut       0%         3d3       100%        5
 Starburst                Conj/Fire      0%         6d3       100%        6
 Enfeeble                 Hex            0%         N/A       100%        7
 Storm Form               Tmut/Air       0%         N/A       100%        7


Dungeon Overview and Level Annotations

Branches:
Dungeon (2/15)

Altars:
Trog

Annotations:
D:2 Crazy Yiuf


Innate Abilities, Weirdness & Mutations

You are agile. (Dex +4, Str/Int -1)


Message History

Crazy Yiuf is moderately wounded.
You feel sick. Crazy Yiuf barely misses you.
Crazy Yiuf hits you with a +4 quarterstaff of chaos.
You are more poisoned.
You barely miss Crazy Yiuf.
Crazy Yiuf is moderately wounded.
You feel very sick.
Crazy Yiuf hits you with a +4 quarterstaff of chaos!
Crazy Yiuf burns you.
You barely miss Crazy Yiuf.
Crazy Yiuf is moderately wounded.
You feel very sick.
Crazy Yiuf hits you with a +4 quarterstaff of chaos!
* * * LOW HITPOINT WARNING * * *
You resist with some effort. Crazy Yiuf hits you but does no damage.
You are more poisoned.
Okay, then.
Cleave: a) +0 hand axe (chaos)
Press: ? - help, Dir - move target, f - Crazy Yiuf
Aim: Crazy Yiuf, wielding a +4 quarterstaff of chaos and wearing a +0 cloak (moderately wounded, fast, about 35% to evade your +0 hand axe of chaos)
Okay, then.
Unknown command.
It was a potion of degeneration {curing}.
There was something very wrong with that liquid.
You feel weakened.
You feel dopey.
You feel clumsy.
* * * LOW HITPOINT WARNING * * *
You feel very sick. Crazy Yiuf completely misses you.
It was a potion of mutation.
You feel extremely strange.
You feel agile.
You die...
Xom snickers!

...........................#
#.###.....###############.##
#.# #.###.# ######
#.###.###.# ##### #..#
#.........# #..)#
##.######### #####.#####
#...# #.......... # #.# ...
########### # #.# #g# # #.#
♣♣@♣ #####.# ♣.♣♣ ......#
♣♣.♣ #####.# ♣.♣♣ #.# ♣♣.♣♣
#.# ♣.PP♣♣ #.##### ♣..PP♣
#.....# #....#
#####.#####..##


You could see Crazy Yiuf (fast).

Vanquished Creatures
  Natasha (thrice) (D:2)
  3 adders (D:2)
  2 dart slugs
  An endoplasm (D:2)
  A giant cockroach (D:1)
  5 goblins
  4 hobgoblins (D:1)
  7 jackals (D:1)
  4 kobolds
  3 quokkas
  5 ball pythons
  2 bats
  3 frilled lizards (D:1)
  2 rats
45 creatures vanquished.

Notes
Turn   | Place    | Note
-------+----------+-------------------------------------------
     0 | D:1      | GenialerGandalf the Hill Orc Chaos Knight began the quest
                  | for the Orb.
     0 | D:1      | Reached XP level 1. HP: 19/19 MP: 1/1
    39 | D:1      | Reached XP level 2. HP: 27/27 MP: 2/2
   119 | D:1      | XOM: divination: detect items
   121 | D:1      | Reached XP level 3. HP: 21/33 MP: 3/3
   207 | D:1      | Reached skill level 1 in Dodging
   305 | D:1      | XOM: smoke on damage
   418 | D:1      | You fall into a shaft and drop 1 floor!
   425 | D:2      | Noticed Natasha
   437 | D:2      | Killed Natasha
   438 | D:2      | Reached skill level 5 in Axes
   438 | D:2      | Reached XP level 4. HP: 33/40 MP: 4/4
   506 | D:2      | Noticed Natasha
   518 | D:2      | XOM: confusion (+ monsters)
   526 | D:2      | Killed Natasha
   527 | D:2      | Reached skill level 1 in Evocations
   622 | D:2      | XOM: swap monsters
   785 | D:2      | Reached XP level 5. HP: 47/47 MP: 5/5
  1167 | D:2      | XOM: smoke on damage
  1169 | D:2      | XOM: blink monster(s)
  1218 | D:2      | Found a bloodstained altar of Trog.
  1357 | D:2      | Found a runed translucent door.
  1358 | D:2      | Noticed Crazy Yiuf
  1433 | D:2      | Noticed Natasha
  1442 | D:2      | Killed Natasha
  1594 | D:2      | HP: 2/47 [poisoned by Crazy Yiuf]
  1595 | D:2      | Gained mutation: You are agile. (Dex +4, Str/Int -1)
                  | [potion of mutation]
  1595 | D:2      | Succumbed to Crazy Yiuf's poison

Illustrated notes

Levels and vault maps discovered:
D:1:      dpeg_arrival_pond, layout_basic
D:2:      layout_loops_ring, basic_altar, uniq_natasha, uniq_crazy_yiuf_cottage

Skill      XL: |  1  2  3  4 |
---------------+-------------+-----
Fighting       | 4 |  4.4
Dodging        | 1 |  1.6
Axes           | 5 |  5.9
Evocations     | 1 |  1.2
Armour         | |  2.8

Action                     |  1- 3 |  4- 6 || total
---------------------------+-------+-------++-------
  Melee: Hand axe          |    56 |    59 ||   115
    Use: Potion            |       |     2 ||     2
 Armour: Leather armour    |    39 |    31 ||    70
  Dodge: Dodged            |    59 |    41 ||   100

Table legend: (Time is in decaauts)
 A = Elapsed time spent in this place.
 B = Non-inter-level travel time spent in this place.
 C = Inter-level travel time spent in this place.
 D = Time resting spent in this place.
 E = Time spent auto-exploring this place.
 F = Levels seen in this place.
 G = Mean time per level.
                   A        B        C        D        E       F      G
               +--------+--------+--------+--------+--------+-----+--------+
         Total |   1621 |   1575 |     46 |     68 |    967 |   2 |  810.5 |
       Dungeon |   1621 |   1575 |     46 |     68 |    967 |   2 |  810.5 |
               +--------+--------+--------+--------+--------+-----+--------+

Top non-repeatable levels by time:
     D:2: 1040 daAuts
     D:1: 580 daAuts
